 Dungeon Crawl Stone Soup version 0.28.0 (webtiles) character file.

Game seed: 11000058514168156642

2938 GrayStillPlays the Skirmisher (level 9, -1/49 HPs)
             Began as a Vine Stalker Fighter on Feb 12, 2022.
             Slain by a killer bee (8 damage)
             ... on level 7 of the Dungeon.
             The game lasted 00:10:14 (7860 turns).

GrayStillPlays the Skirmisher (VSFi)                Turns: 7860, Time: 00:10:15

Health: -1/49      AC: 10    Str: 27    XL:     9   Next: 80%
Magic:  0/12       EV: 10    Int: 10    God:
Gold:   382        SH:  5    Dex: 14    Spells: 11/11 levels left

rFire   . . .      SeeInvis .   H - +1 trident (venom) {polearm}
rCold   + . .      Faith    .   c - +0 buckler
rNeg    . . .      Spirit   +   b - +0 scale mail
rPois   .          Reflect  .   t - +0 helmet
rElec   .          Harm     .   r - +0 cloak
rCorr   .          Rampage  .   (no gloves)
Will    +....                   (no boots)
Stlth   ..........              u - amulet of regeneration {@e2}
HPRegen 1.76/turn               s - +6 ring of strength
MPRegen 0.13/turn               D - ring of protection from cold

@: no status effects
A: fangs 3, regeneration 1, magic shield, antimagic bite, no potion heal 2
a: no special abilities


You were on level 7 of the Dungeon.
You visited 2 branches of the dungeon, and saw 9 of its levels.

You collected 382 gold pieces.


Innate Abilities, Weirdness & Mutations

You have razor-sharp teeth.
Your natural rate of healing is unusually fast.
When hurt, damage is shared between your health and your magic reserves.
Your bite disrupts and absorbs the magic of your enemies.
Potions cannot restore your health.


   Skills:
 + Level 6.4 Fighting
 + Level 6.0 Axes
 + Level 5.9 Armour
 + Level 1.4 Dodging
 + Level 6.3 Shields
 + Level 1.8 Spellcasting
 + Level 1.7 Summonings


You had 11 spell levels left.
You didn't know any spells.
Your spell library contained the following spells:

 Spells                   Type           Power      Damage    Failure   Level
 Beastly Appendage        Tmut           0%         N/A       65%         1
 Foxfire                  Conj/Fire      0%         2x1d4     65%         1
 Call Canine Familiar     Summ           4%         N/A       77%         3
 Sublimation of Blood     Necr           0%         N/A       78%         2
 Wereblood                Tmut           0%         N/A       78%         2
 Conjure Flame            Conj/Fire      0%         6-21      95%         3
 Ignite Poison            Fire/Tmut/Pois 0%         N/A       95%         3
 Inner Flame              Hex/Fire       0%         N/A       95%         3
 Mephitic Cloud           Conj/Pois/Air  0%         N/A       95%         3
 Portal Projectile        Hex/Tloc       0%         N/A       95%         3
 Spider Form              Tmut/Pois      0%         N/A       95%         3
 Flame Wave               Conj/Fire      0%         2d4       100%        4
 Leda's Liquefaction      Hex/Erth       0%         N/A       100%        4
 Freezing Cloud           Conj/Ice/Air   0%         6-21      100%        5
 Summon Hydra             Summ           2%         N/A       100%        7

Inventory:

Hand Weapons
 a - a +0 war axe {axe}
 H - a +1 trident of venom (weapon) {polearm}
   (You found it on level 6 of the Dungeon)
Missiles
 e - 30 sling bullets
 h - 63 bolts
 i - 223 stones {throwing}
 v - 3 poisoned darts (quivered) {throwing}
 w - 65 arrows
 F - 2 javelins {throwing}
 J - 3 boomerangs {throwing}
Armour
 b - a +0 scale mail (worn)
 c - a +0 buckler (worn)
 r - a +0 cloak (worn)
   (You found it on level 3 of the Dungeon)
 t - a +0 helmet (worn)
   (You took it off Robin on level 3 of the Dungeon)
Magical Staves
 k - a staff of earth {!astaff}
   (You found it on level 2 of the Dungeon)
 B - a staff of death {!astaff}
   (You found it on level 4 of the Dungeon)
 G - a staff of cold {!astaff}
   (You found it on level 6 of the Dungeon)
Jewellery
 s - a +6 ring of strength (left hand)
   (You found it on level 3 of the Dungeon)
 u - an amulet of regeneration (around neck) {@e2}
   (You found it on level 7 of the Dungeon)
 D - a ring of protection from cold (right hand)
   (You found it on level 4 of the Dungeon)
Wands
 K - a wand of iceblast (13)
   (You found it on level 7 of the Dungeon)
Scrolls
 g - 2 scrolls of magic mapping {unknown}
 j - a scroll of brand weapon {unknown}
 l - 3 scrolls of enchant armour {unknown}
 m - 2 scrolls of blinking {unknown}
 n - 3 scrolls of immolation {unknown}
 p - 2 scrolls of torment {unknown}
 x - a scroll of fog {unknown}
 y - 3 scrolls of identify {unknown}
 C - 2 scrolls of teleportation {unknown}
 E - 3 scrolls of fear {unknown}
 I - a scroll of noise {unknown}
Potions
 d - 3 potions of might
 f - a potion of curing {@q1}
 o - 3 potions of resistance {unknown}
 q - a potion of attraction {unknown}
 z - a potion of brilliance {unknown}
 A - a potion of heal wounds {unknown}

Dungeon Overview and Level Annotations

Branches:
Dungeon (8/15)             Temple (1/1) D:6
   Lair: D:8-11

Altars:
Ashenzari
Cheibriados
Dithmenos
Elyvilon
Gozag
Hepliaklqana
Kikubaaqudgha
Makhleb
Nemelex Xobeh
Okawaru
Qazlal
Sif Muna
Trog
Uskayaw
Wu Jian
Xom
Yredelemnul
Zin

Annotations:
D:5 1 runed translucent door, Jase's ghost, amateur DDHu

....#....####..........#..#
....#....#..#.......>.>'..#
....#....#..#..........#..#
....#....'..#..........#..#
.####....####..........#####
###.###.......#+###.>......#
..#...#.......#...y........#
..#...#.......#.yy#........#
..#...#.......#.@.#........#
..#...#.......'...#........#
###...#.......#####........#
###...#................#####
#.....#................#..#
#.....#................#..#
#.....'................'..#
#...###................#..#
#...#......#'###########'##


You could see 3 killer bees.


Message History

You puncture the killer bee!
You kill the killer bee!
You feel very sick.
A killer bee comes into view.
The killer bee misses you. The killer bee closely misses you.
The killer bee barely misses you.
There are monsters nearby! 😕 HP[-6] MP[-1]
You take 6 damage, and now have 42/49 hp.
You lost 1 mp, and now have 11/12 mp.
You feel sick. The killer bee closely misses you.
The killer bee stings you but does no damage. x2
The killer bee stings you.
You are more poisoned.
The killer bee poisons you!
You climb upwards.
You feel very sick.
There is a stone staircase leading down here. 😕 HP[-5] MP[-2]
You take 5 damage, and now have 37/49 hp.
You lost 2 mp, and now have 9/12 mp.
You feel sick.
The killer bee stings you but does no damage.
The killer bee closely misses you. The killer bee barely misses you.
The killer bee closely misses you. The killer bee stings you.
You are more poisoned.
The killer bee poisons you!
The killer bee stings you but does no damage. 😮 HP[-4] MP[-1]
You take 4 damage, and now have 33/49 hp.
You lost 1 mp, and now have 8/12 mp.
You feel very sick. The killer bee stings you. x2
You are more poisoned.
The killer bee poisons you!
The killer bee closely misses you. 😮 HP[-6] MP[-1]
You take 6 damage, and now have 27/49 hp.
You lost 1 mp, and now have 7/12 mp.
You feel very sick. The killer bee stings you.
* * * LOW HITPOINT WARNING * * *
You block the killer bee's attack.
The killer bee stings you but does no damage. 😨 HP[-10] MP[-1]
You take 10 damage, and now have 17/49 hp.
MASSIVE DAMAGE!! (PAUSE)
You lost 1 mp, and now have 6/12 mp.
You feel very sick.
The killer bee stings you but does no damage. x3
There is a stone staircase leading down here. 😨 HP[-2] MP[+1]
You take 2 damage, and now have 15/49 hp.
You feel very sick.
The killer bee stings you but does no damage. x2
You block the killer bee's attack. The killer bee stings you.
* * * LOW HITPOINT WARNING * * *
The killer bee barely misses you. 😱 HP[-6] MP[-1]
You take 6 damage, and now have 9/49 hp.
You lost 1 mp, and now have 6/12 mp.
You open the door.
You feel very sick. The killer bee barely misses you.
The killer bee closely misses you. The killer bee stings you.
* * * LOW HITPOINT WARNING * * *
You are lethally poisoned!
The killer bee poisons you! You block the killer bee's attack. x2
The killer bee closely misses you. 😱 HP[-4] MP[-3]
You take 4 damage, and now have 5/49 hp.
You lost 3 mp, and now have 3/12 mp.
* * * LOW HITPOINT WARNING * * *
You feel very sick.
There is an open door here. 😱 HP[-3]
You take 3 damage, and now have 2/49 hp.
Aiming: Iceblast
Press: ? - help, Q - select action, (/) - cycle Shift-Dir - straight line
Okay, then.
It was a potion of curing.
Your system rejects the healing.
You feel better. You block the killer bee's attack.
The killer bee barely misses you. The killer bee stings you.
* * * LOW HITPOINT WARNING * * *
😱 HP[-1] MP[-3]
You take 1 damage, and now have 1/49 hp.
You lost 3 mp, and now have 0/12 mp.
Okay, then.
Aiming: Iceblast
Press: ? - help, Q - select action, (/) - cycle Shift-Dir - straight line That beam is likely to hit you.
Continue anyway?
Okay, then.
The killer bee stings you but does no damage. 😱 HP[+2]
You regained 2 hp, and now have 3/49 hp.
You barely miss the killer bee. The killer bee closely misses you.
The killer bee misses you. 😱 HP[+2]
You regained 2 hp, and now have 5/49 hp.
You block the killer bee's attack. The killer bee stings you!
You die...

Skill      XL: |  1  2  3  4  5  6  7  8  9 |
---------------+----------------------------+-----
Axes           | 2 3 4 5 6 |  6.0
Fighting       | 3 4 6 |  6.4
Shields        | 3 4 6 |  6.3
Armour         | 3 4 5 |  5.9
Summonings     | 1 |  1.7
Spellcasting   | 1 |  1.8
Dodging        | 1 |  1.4

Action                   |  1- 3 |  4- 6 |  7- 9 || total
-------------------------+-------+-------+-------++-------
Melee: War axe           |    91 |   109 |   131 ||   331
       Bite              |    11 |    31 |    65 ||   107
       Trident           |       |       |   100 ||   100
Throw: Dart              |       |       |     1 ||     1
  Use: Potion            |       |       |     2 ||     2
 Stab: Invisible         |       |       |     2 ||     2
Armor: Scale mail        |    42 |    70 |   126 ||   238
Dodge: Dodged            |    45 |    54 |   133 ||   232
Block: Buckler           |    23 |    20 |    67 ||   110

Levels and vault maps discovered:
D:1:      onia_arrival_pentagram, layout_loops_corners,
          ebering_ecumenical_altar_box, minmay_misc_feat_room,
          minmay_heptomino_d4
D:2:      layout_rooms, minmay_misc_feat_chi
D:3:      layout_loops_corners, nicolae_qazlal_scattered_showers,
          mainiacjoe_overflow_big_doors, serial_bayou, serial_bayou_pond_d,
          serial_bayou_shore_a, serial_bayou_pond_a, serial_bayou_lake_a,
          kennysheep_cluttered_room, chequers_jeans, uniq_robin
D:4:      layout_layer_cave, mainiacjoe_overflow_24_doors
D:5:      layout_rooms, ebering_ghost_sewer_d
D:6:      cheibrodos_helix_gallery, layout_layer_cave,
          minmay_temple_entry_offerings, st_stairs_4, kennysheep_small_square
D:7:      layout_gridville, kennysheep_mini, hangedman_decor_growths
D:8:      layout_basic, serial_shops, nicolae_shop_stone,
          nicolae_shop_waterfront, shop, shop, uniq_psyche, uniq_gastronok,
          uniq_maurice, uniq_maggie
Temple:   dshaligram_water_room_temple

Notes
Turn   | Place    | Note
-------+----------+-------------------------------------------
     0 | D:1      | GrayStillPlays the Vine Stalker Fighter began the quest for
                  | the Orb.
     0 | D:1      | Reached XP level 1. HP: 11/11 MP: 2/2
     0 | D:1      | magus.rc [v1.9.6]
    84 | D:1      | Found a faded altar of an unknown god.
   152 | D:1      | Reached XP level 2. HP: 15/16 MP: 3/3
   155 | D:1      | Reached skill level 2 in Axes
   744 | D:1      | Reached skill level 3 in Fighting
   752 | D:1      | Reached skill level 3 in Shields
   752 | D:1      | Reached XP level 3. HP: 14/20 MP: 4/4
  1268 | D:2      | You pick up a book of Flames and begin reading...
  1268 | D:2      | You add the spells Foxfire, Conjure Flame, Inner Flame and
                  | Flame Wave to your library.
  1450 | D:2      | Gained mutation: Your natural rate of healing is unusually
                  | fast. [Vine Stalker growth]
  1450 | D:2      | Reached XP level 4. HP: 24/24 MP: 5/5
  1519 | D:2      | Reached skill level 3 in Armour
  2031 | D:3      | You add the spells Ignite Poison, Mephitic Cloud and
                  | Freezing Cloud to your library.
  2033 | D:3      | Found a stormy altar of Qazlal.
  2237 | D:3      | Noticed Robin
  2246 | D:3      | Reached XP level 5. HP: 28/28 MP: 6/6
  2262 | D:3      | Killed Robin
  2308 | D:3      | You fall into a shaft and drop 3 floors!
  2308 | D:6      | Noticed a black bear
  2309 | D:6      | Noticed an orc warrior
  2314 | D:5      | Entered Level 5 of the Dungeon
  2314 | D:5      | Noticed a centaur
  2330 | D:5      | Killed a black bear
  2331 | D:5      | Reached skill level 3 in Axes
  2331 | D:5      | Reached XP level 6. HP: 25/33 MP: 7/7
  2340 | D:5      | Reached skill level 4 in Fighting
  2340 | D:5      | Reached skill level 4 in Shields
  2409 | D:4      | HP: 7/33 [orc priest/divine providence (14)]
  2480 | D:4      | Found a bloodstained altar of Trog.
  2480 | D:4      | Noticed a black bear
  2482 | D:4      | Killed a black bear
  2483 | D:4      | Reached XP level 7. HP: 37/37 MP: 8/8
  2725 | D:4      | Reached skill level 4 in Armour
  2969 | D:4      | You pick up a book of the Hunter and begin reading...
  2969 | D:4      | You add the spells Call Canine Familiar, Portal Projectile
                  | and Leda's Liquefaction to your library.
  3134 | D:3      | Found an ancient bone altar of Kikubaaqudgha.
  3407 | D:3      | Found a hide-covered altar of Uskayaw.
  4478 | D:5      | Reached skill level 4 in Axes
  4519 | D:5      | Found a runed translucent door.
  4522 | D:5      | Noticed Jase's ghost (amateur DDHu)
  5034 | D:6      | Gained mutation: You have razor-sharp teeth. [Vine Stalker
                  | growth]
  5034 | D:6      | Reached XP level 8. HP: 30/42 MP: 9/9
  5114 | D:6      | Reached skill level 5 in Fighting
  5114 | D:6      | Reached skill level 5 in Shields
  5514 | D:6      | Noticed a two-headed ogre
  5517 | D:6      | HP: 8/43 [two-headed ogre (13)]
  5949 | D:6      | Reached skill level 5 in Axes
  5949 | D:6      | Reached skill level 5 in Armour
  6070 | D:6      | Found a staircase to the Ecumenical Temple.
  6080 | Temple   | Entered the Ecumenical Temple
  6338 | D:6      | Killed a two-headed ogre
  6339 | D:6      | Reached skill level 6 in Fighting
  6339 | D:6      | Reached skill level 6 in Shields
  6339 | D:6      | Reached XP level 9. HP: 31/48 MP: 5/10
  6399 | D:6      | You pick up a book of Blood and begin reading...
  6399 | D:6      | You add the spells Sublimation of Blood, Wereblood and
                  | Summon Hydra to your library.
  6954 | D:7      | Found a burning altar of Makhleb.
  7086 | D:7      | Reached skill level 1 in Summonings
  7092 | D:7      | Reached skill level 1 in Spellcasting
  7129 | D:7      | You pick up a book of Changes and begin reading...
  7129 | D:7      | You add the spells Beastly Appendage and Spider Form to
                  | your library.
  7355 | D:7      | Reached skill level 1 in Dodging
  7446 | D:7      | HP: 12/49 [killer bee (1)]
  7451 | D:7      | HP: 8/49 [poisoned by a killer bee]
  7453 | D:7      | Reached skill level 6 in Axes
  7456 | D:7      | HP: 4/49 [poisoned by a killer bee]
  7854 | D:7      | HP: 9/49 [killer bee (4)]
  7856 | D:7      | HP: 2/49 [poisoned by a killer bee]
  7860 | D:7      | Slain by a killer bee

Vanquished Creatures
  A two-headed ogre (D:6)
  A water moccasin (D:6)
  2 orc warriors
  An ogre (D:6)
  3 black bears
  A necrophage (D:7)
  A centaur (D:5)
  A phantom (D:7)
  4 bullfrogs (D:6)
  3 scorpions
  A wyvern skeleton (D:7)
  6 killer bees
  An electric eel (D:6)
  2 bullfrog zombies
  2 hounds
  4 orc priests
  2 bullfrog skeletons (D:5)
  2 centaur skeletons (D:5)
  An iguana (D:6)
  An orc wizard (D:5)
  A killer bee zombie (D:7)
  A howler monkey zombie (D:5)
  Robin (D:3)
  7 adders
  A shadow imp (D:6)
  2 ufetubi
  4 worms
  5 dart slugs
  19 orcs
  7 bats
  10 endoplasms
  6 giant cockroaches
  15 goblins
  8 hobgoblins
  5 quokkas
  9 ball pythons
  3 frilled lizards
  8 kobolds
  5 rats
157 creatures vanquished.

Vanquished Creatures (others)
  4 plants (D:3)
4 creatures vanquished.

Grand Total: 161 creatures vanquished

Table legend:
 A = Non-vault XP
 B = Vault XP
 C = Vault XP percentage of total XP
 D = Non-vault monster count
 E = Vault monster count
 F = Vault count percentage of total count
                 A         B        C        D         E       F
            +---------+---------+-------+---------+---------+-------
      Total |    2774 |    1424 |  33.9 |     140 |      17 |  10.8
            +---------+---------+-------+---------+---------+-------
        D:1 |      43 |       5 |  10.4 |      25 |       3 |  10.7
        D:2 |      79 |       0 |   0.0 |      28 |       0 |   0.0
        D:3 |      35 |      25 |  41.7 |      11 |       7 |  38.9
        D:4 |     302 |       0 |   0.0 |      21 |       0 |   0.0
        D:5 |     600 |      88 |  12.8 |      19 |       1 |   5.0
        D:6 |     639 |    1306 |  67.1 |      14 |       6 |  30.0
        D:7 |    1015 |       0 |   0.0 |      21 |       0 |   0.0
        D:8 |      61 |       0 |   0.0 |       1 |       0 |   0.0
            +---------+---------+-------+---------+---------+-------

Illustrated notes

Table legend:
 A = Kills in this place as a percentage of kills in entire the game.
 B = Kills by you in this place as a percentage of kills by you in the entire game.
 C = Kills by friends in this place as a percentage of kills by friends in the entire game.
 D = Other kills in this place as a percentage of other kills in the entire game.
 E = Experience gained in this place as a percentage of experience gained in the entire game.
 F = Experience gained in this place divided by the number of levels of this place that you have seen.
                   A       B       C       D       E      F
               +-------+-------+-------+-------+-------+----------------------
         Total | 100.0 | 100.0 |   N/A |   N/A | 100.0 | 466.4
       Dungeon | 100.0 | 100.0 |   N/A |   N/A | 100.0 | 524.8
               +-------+-------+-------+-------+-------+----------------------

Table legend: (Time is in decaauts)
 A = Elapsed time spent in this place.
 B = Non-inter-level travel time spent in this place.
 C = Inter-level travel time spent in this place.
 D = Time resting spent in this place.
 E = Time spent auto-exploring this place.
 F = Levels seen in this place.
 G = Mean time per level.
                   A        B        C        D        E       F      G
               +--------+--------+--------+--------+--------+-----+--------+
         Total |   8061 |   7698 |    363 |    275 |   6050 |   9 |  895.7 |
       Dungeon |   7922 |   7587 |    335 |    275 |   5950 |   8 |  990.2 |
        Temple |    138 |    110 |     28 |      0 |    100 |   1 |  138.0 |
               +--------+--------+--------+--------+--------+-----+--------+

Top non-repeatable levels by time:
     D:6: 1644 daAuts
     D:4: 1381 daAuts
     D:1: 1284 daAuts
     D:3: 1146 daAuts
     D:7: 1001 daAuts
     D:5: 836 daAuts
     D:2: 621 daAuts
  Temple: 138 daAuts
     D:8: 5 daAuts
